 Dungeon Crawl Stone Soup version 0.31-a0-885-gbe960a18b5 (webtiles) character file.

Game seed: 3471161207285119299

440 BinkBink the Chopper (level 7, -10/44 HPs)
             Began as a Gargoyle Monk on Oct 16, 2023.
             Was a Believer of Qazlal.
             Mangled by a troll (14 damage)
             ... on level 5 of the Dungeon.
             The game lasted 00:02:58 (2987 turns).

BinkBink the Chopper (Gargoyle Monk)                Turns: 2987, Time: 00:02:58

Health: -10/44     AC:  7    Str: 14    XL:     7   Next: 2%
Magic:  7/7        EV: 13    Int: 11    God:    Qazlal [**....]
Gold:   180        SH:  2    Dex: 12    Spells: 6/6 levels left

rFire   . . .        o - +10 short sword "Orb Guardian's Death" {elec, rPois rCorr Str-2}
rCold   . . .        d - orb {light}
rNeg    + . .        b - +0 robe
rPois   ∞            (no helmet)
rElec   +            (no cloak)
rCorr   +            (no gloves)
SInv    .            (no boots)
Will    .....        (no amulet)
Stlth   +            (no ring)
HPRegen 0.27/turn    (no ring)
MPRegen 0.10/turn

%: no passive effects
@: glowing
A: sickness immunity, AC +4, negative energy resistance 1, electricity
resistance, torment resistance 1, petrification resistance
a: Renounce Religion, Upheaval


You were on level 5 of the Dungeon.
You worshipped Qazlal.
Qazlal was pleased with you.
You visited 1 branch of the dungeon, and saw 5 of its levels.

You collected 180 gold pieces.

Inventory:

Hand Weapons
 a - a +0 hand axe
 o - the +10 short sword "Orb Guardian's Death" (weapon) {elec, rPois rCorr Str-2}
   (You took it off a kobold on level 2 of the Dungeon)

   Str-2:     It affects your strength (-2).
   rPois:     It protects you from poison rCorr: It protects you from acid and
   corrosion.
Armour
 b - a +0 robe (worn)
 d - an orb of light (worn)
Scrolls
 e - a scroll of vulnerability {unknown}
 i - 2 scrolls of poison {unknown}
 j - a scroll of revelation {unknown}
 l - 4 scrolls of blinking {unknown}
 m - a scroll of identify {unknown}
 n - a scroll of enchant armour {unknown}
 p - 2 scrolls of immolation {unknown}
 q - 2 scrolls of fog {unknown}
 t - 2 scrolls of fear {unknown}
 v - a scroll of butterflies {unknown}
Potions
 c - 3 potions of ambrosia
 f - a potion of enlightenment {unknown}
 g - a potion of magic {unknown}
 h - 3 potions of mutation {unknown}
 k - 2 potions of curing {unknown}
 r - a potion of invisibility {unknown}
 s - a potion of berserk rage {unknown}
 u - a potion of lignification {unknown}
 w - a potion of attraction {unknown}
 x - a potion of degeneration {unknown}


   Skills:
 + Level 4.7 Fighting
 * Level 4.8 Axes
 + Level 3.1 Armour
 + Level 3.5 Dodging


You had 6 spell levels left.
You didn't know any spells.
Your spell library contained the following spells:

 Spells                   Type           Power      Damage    Failure   Level
 Static Discharge         Conj/Air       0%         2-2/arc   47%         2
 Airstrike                Air            0%         2d(0-16)  98%         4
 Summon Lightning Spire   Summ/Air       0%         N/A       98%         4


Dungeon Overview and Level Annotations

Branches:
Dungeon (5/15)             Temple (0/1) D:4

Altars:
Qazlal
Vehumet

Shops:
D:1 *


Innate Abilities, Weirdness & Mutations

You are immune to sickness and miasma.
Your stone body is resilient. (AC +4)
You are immune to poison.
You resist negative energy. (rN+)
You are resistant to electric shocks. (rElec)
You are resistant to unholy torment.
You are immune to petrification.


Message History

Done exploring.
Things that are here:
a +0 dagger; an orc skeleton
Items here: (( ))) [ ÷÷.
You see here 8 stones.
There is a stone staircase leading down here.
You climb downwards.
There is a stone staircase leading up here.
You hear a shout!
A troll comes into view.
Found a stone staircase leading up and a stone staircase leading down.
The troll shouts!
A troll is nearby!
A troll is nearby!
You puncture the troll!
The troll is moderately wounded.
The troll bites you! The troll claws you! x2
You are too injured to fight recklessly!
You are too injured to fight recklessly!
You are too injured to fight recklessly!
You hit the troll but do no damage.
The troll is moderately wounded.
The troll bites you but does no damage. The troll claws you but does no damage.
The troll completely misses you.
You puncture the troll!
The troll is heavily wounded.
The troll bites you.
* * * LOW HITPOINT WARNING * * *
The troll claws you!
* * * LOW HITPOINT WARNING * * *
The troll barely misses you.
You puncture the troll!
The troll is almost dead.
The troll closely misses you. The troll claws you.
* * * LOW HITPOINT WARNING * * *
You block the troll's attack.
You barely miss the troll.
The troll is almost dead.
The troll bites you!
You die...

#. #.. #.# #
#.#. #.#.
######.. ###
><.....###...#
##..@T#
#..○#....#
#..###......
#<## #.####
#.## #.# ##
#.. .#. #


You could see a troll.

Vanquished Creatures
  A black bear (D:4)
  2 scorpions (D:4)
  2 hounds (D:4)
  A jelly (D:4)
  A sleepcap (D:4)
  An orc wizard (D:4)
  2 worms (D:2)
  3 dart slugs
  7 orcs
  8 endoplasms
  4 giant cockroaches
  4 goblins
  5 hobgoblins
  6 quokkas
  6 ball pythons
  4 bats
  5 frilled lizards
  10 kobolds
  A rat (D:3)
73 creatures vanquished.

Notes
Turn   | Place    | Note
-------+----------+-------------------------------------------
     0 | D:1      | BinkBink the Gargoyle Monk began the quest for the Orb.
     0 | D:1      | Reached XP level 1. HP: 14/14 MP: 1/1
    29 | D:1      | Found Muhill's General Store.
   192 | D:1      | Reached XP level 2. HP: 19/19 MP: 2/2
   657 | D:2      | Reached skill level 1 in Armour
   706 | D:2      | Reached XP level 3. HP: 23/23 MP: 3/3
   880 | D:2      | Found a radiant altar of Vehumet.
  1119 | D:2      | Identified the +10 short sword "Orb Guardian's Death"
                  | {elec, rPois rCorr Str-2}
  1389 | D:3      | Reached XP level 4. HP: 21/29 MP: 4/4
  1908 | D:3      | Found a stormy altar of Qazlal.
  1916 | D:3      | Became a worshipper of Qazlal Stormbringer
  1916 | D:3      | Reached * piety under Qazlal
  1916 | D:3      | Reached ** piety under Qazlal
  2385 | D:4      | Found a staircase to the Ecumenical Temple.
  2523 | D:4      | Noticed a scorpion
  2526 | D:4      | Killed a scorpion
  2527 | D:4      | Reached XP level 5. HP: 33/33 MP: 5/5
  2660 | D:4      | Noticed a black bear
  2664 | D:4      | Killed a black bear
  2665 | D:4      | Reached XP level 6. HP: 26/39 MP: 6/6
  2846 | D:4      | Reached XP level 7. HP: 27/44 MP: 7/7
  2976 | D:5      | Entered Level 5 of the Dungeon
  2981 | D:5      | Noticed a troll
  2987 | D:5      | Mangled by a troll

Illustrated notes

Levels and vault maps discovered:
D:1:      ldierk_walled_garden_2, layout_basic, serial_shops,
          nicolae_shop_waterfront, minmay_tripent
D:2:      layout_basic, basic_altar
D:3:      layout_loops_corners, nicolae_qazlal_eye_of_the_storm,
          minmay_strange_pillars
D:4:      layout_loops_cross, minmay_temple_entry_nine_rooms, minmay_vboxes
D:5:      layout_loops_ring, mainiacjoe_overflow_small_starburst, serial_shops,
          shop, shop, nrook_pool_corridor

Skill      XL: |  1  2  3  4  5  6 |
---------------+-------------------+-----
Axes           | 3 4 |  4.8
Armour         | 1 2 3 |  3.1
Fighting       | 4 |  4.7
Dodging        | 3 |  3.5

Action                     |  1- 3 |  4- 6 |  7- 9 || total
---------------------------+-------+-------+-------++-------
  Melee: Hand axe          |    87 |       |       ||    87
         Short sword       |    17 |    67 |     5 ||    89
   Stab: Distracted        |       |     1 |       ||     1
 Armour: Robe              |    61 |    31 |     9 ||   101
  Dodge: Dodged            |    65 |    33 |     3 ||   101
  Block: Orb               |       |     1 |     1 ||     2

Table legend: (Time is in decaauts)
 A = Elapsed time spent in this place.
 B = Non-inter-level travel time spent in this place.
 C = Inter-level travel time spent in this place.
 D = Time resting spent in this place.
 E = Time spent auto-exploring this place.
 F = Levels seen in this place.
 G = Mean time per level.
                   A        B        C        D        E       F      G
               +--------+--------+--------+--------+--------+-----+--------+
         Total |   2998 |   2918 |     80 |    178 |   2326 |   5 |  599.6 |
       Dungeon |   2998 |   2918 |     80 |    178 |   2326 |   5 |  599.6 |
               +--------+--------+--------+--------+--------+-----+--------+

Top non-repeatable levels by time:
     D:3: 970 daAuts
     D:4: 795 daAuts
     D:1: 627 daAuts
     D:2: 594 daAuts
     D:5: 10 daAuts
